 Dungeon Crawl Stone Soup version 0.31-a0-202-g547052bce9 (webtiles) character file.

Game seed: 11586414927203874333

4198 qw the Skirmisher (level 10, -8/59 HPs)
             Began as a Deep Elf Hunter on June 26, 2023.
             Was a Priest of Okawaru.
             Mangled by a yak (12 damage)
             ... on level 9 of the Dungeon.
             The game lasted 00:03:32 (7744 turns).

qw the Skirmisher (Deep Elf Hunter)                 Turns: 7744, Time: 00:03:32

Health: -8/59      AC: 16    Str: 12    XL:     10   Next: 8%
Magic:  14/15      EV: 17    Int: 15    God:    Okawaru [***...]
Gold:   446        SH:  0    Dex: 18    Spells: 9/9 levels left

rFire   . . .        Y - +2 shortbow (drain)
rCold   . . .        (shield currently unavailable)
rNeg    . . .        b - +0 ring mail
rPois   .            j - +2 helmet
rElec   .            h - +2 cloak
rCorr   .            (no gloves)
SInv    .            g - +1 pair of boots
Will    +....        k - amulet of faith
Stlth   +++          e - +4 ring of slaying {mikee}
HPRegen 0.29/turn    (no ring)
MPRegen 0.14/turn

%: faith
@: about to teleport, heroic
A: no striking features
a: Renounce Religion, Heroism


You were on level 9 of the Dungeon.
You worshipped Okawaru.
Okawaru was most pleased with you.
You visited 2 branches of the dungeon, and saw 10 of its levels.

You collected 518 gold pieces.
You spent 72 gold pieces at shops.


   Skills:
 - Level 5.1(10.1) Fighting
 - Level 14.2(19.2) Ranged Weapons
 - Level 3.4(8.4) Armour
 + Level 7.8(12.8) Dodging
 - Level 1.2(6.2) Stealth
 - Level 4.0 Invocations


You had 9 spell levels left.
You didn't know any spells.
Your spell library was empty.

Inventory:

Hand Weapons
 Y - a +2 shortbow of draining (weapon)
Armour
 b - a +0 ring mail (worn)
 g - a +1 pair of boots (worn)
 h - a +2 cloak (worn)
 j - a +2 helmet (worn)
Jewellery
 e - a +4 ring of slaying (left hand) {mikee}
 i - an amulet of magic regeneration
 k - an amulet of faith (around neck)
Scrolls
 c - 2 scrolls of teleportation
 f - 6 scrolls of identify
Potions
 a - a potion of enlightenment
 d - 3 potions of curing

Dungeon Overview and Level Annotations

Branches:
Dungeon (9/15)             Temple (1/1) D:5             Orc (0/2) D:9
   Lair: D:8-11

Altars:
Ashenzari
Cheibriados
Elyvilon
Fedhas
Gozag
Hepliaklqana
Kikubaaqudgha
Makhleb
Nemelex Xobeh
Okawaru
Qazlal
Ru
Sif Muna
Trog
Uskayaw
Vehumet
Wu Jian
Xom
Yredelemnul
Zin
The Shining One

Shops:
D:3 *   D:6 =

Annotations:
D:5 3 runed translucent doors, qw's ghost, amateur DEHu


Message History

You hear a bellow!
The wyvern barely misses you. The yak closely misses you.
A yak comes into view.
You hear a shout!
You shoot an arrow. The arrow barely misses the yak.
The wyvern barely misses you. The wyvern misses you.
The yak completely misses you.
A yak comes into view.
You shoot an arrow. The arrow hits the yak.
You kill the yak!
Okawaru accepts your kill.
The wyvern bites you but does no damage.
You shoot an arrow. The arrow hits the yak.
You drain the yak.
The yak is lightly wounded.
The yak gores you. The wyvern barely misses you.
You shoot an arrow. The arrow barely misses the yak.
The wyvern barely misses you. The yak barely misses you.
The yak gores you but does no damage. The yak gores you.
You shoot an arrow. The arrow hits the yak.
You drain the yak.
The yak is lightly wounded.
The wyvern bites you.
The yak gores you but does no damage. x2
The yak completely misses you.
You shoot an arrow. The arrow hits the yak!
You drain the yak.
The yak is heavily wounded.
The wyvern completely misses you. The wyvern barely misses you.
The yak gores you! The yak gores you but does no damage.
A yak comes into view.
The yak barely misses you.
You shoot an arrow. The arrow hits the yak.
The yak is heavily wounded.
The wyvern misses you.
You shoot an arrow. The arrow hits the yak.
You drain the yak.
The yak is severely wounded.
The yak gores you! The yak completely misses you.
The yak gores you but does no damage. The wyvern closely misses you.
7744 ||| READING 3 scrolls of teleportation.
As you read the scroll of teleportation, it crumbles to dust.
You feel strangely unstable. The wyvern barely misses you. The yak gores you!
You die...

# .. .. ... ...
....
....#######.....
......YY.?......#
#####
......YlY........
..... #@Y.......#
##### #.........#
### #.........#
#.. #.........#
#.. #.........##
#.. #..........#
#.. #..........#
#.. #..........#
#.. #...)......#
#..


You could see 5 yaks and a wyvern.

Vanquished Creatures
  Prince Ribbit (D:9)
  7 yaks
  Grum (D:9)
  A water moccasin (D:7)
  A sky beast (D:7)
  3 orc warriors
  A black bear (D:5)
  An ogre (D:5)
  3 wolves (D:9)
  A centaur (D:9)
  A phantom (D:4)
  2 bullfrogs (D:7)
  3 kobold brigands
  A gnoll sergeant (D:8)
  A scorpion (D:6)
  8 wights
  A howler monkey (D:5)
  9 orc priests
  A hound (D:7)
  4 iguanas
  A sleepcap (D:5)
  6 orc wizards
  9 adders
  13 gnolls
  4 white imps
  2 ufetubi
  A worm (D:4)
  4 dart slugs
  27 orcs
  A bat (D:2)
  8 endoplasms
  A giant cockroach (D:3)
  6 goblins
  5 hobgoblins
  19 kobolds
  A quokka (D:1)
  7 ball pythons
  2 frilled lizards (D:1)
  6 rats
174 creatures vanquished.

Notes
Turn   | Place    | Note
-------+----------+-------------------------------------------
     0 | D:1      | qw the Deep Elf Hunter began the quest for the Orb.
     0 | D:1      | Reached XP level 1. HP: 12/12 MP: 3/3
     0 | D:1      | 0 ||| qw: Version: 0.3-a-22-g0ed2b0b
     0 | D:1      | 0 ||| qw: Game counter: 6214
     0 | D:1      | 0 ||| qw: Melee chars always use a shield: true
     0 | D:1      | 0 ||| qw: God list: Okawaru
     0 | D:1      | 0 ||| qw: Allow faded altars: false
     0 | D:1      | 0 ||| qw: Do Orc after clearing Dungeon:15 true
     0 | D:1      | 0 ||| qw: Do second Lair branch before Depths: true
     0 | D:1      | 0 ||| qw: Lair rune preference: random
     0 | D:1      | 0 ||| qw: Goals: Normal
     0 | D:1      | 0 ||| PLANNING D:1-11
   224 | D:1      | Reached skill level 6 in Ranged Weapons
   224 | D:1      | Reached XP level 2. HP: 16/16 MP: 4/4
   454 | D:1      | Found a faded altar of an unknown god.
   646 | D:1      | 646 ||| UPGRADING to +4 ring of slaying {mikee}.
   647 | D:1      | 647 ||| DROPPING scroll of butterflies.
   742 | D:2      | Found a shimmering blue altar of Sif Muna.
   802 | D:2      | Identified the +11 dagger "Kaosis" {freeze, rCorr}
   834 | D:2      | Reached XP level 3. HP: 20/20 MP: 5/5
  1117 | D:2      | Reached skill level 7 in Ranged Weapons
  1308 | D:2      | 1308 ||| UPGRADING to +0 ring mail.
  1318 | D:2      | 1318 ||| DROPPING +0 leather armour.
  1319 | D:2      | 1319 ||| READING scroll labelled PUEDOP OLOHAYCK.
  1320 | D:2      | 1320 ||| READING scroll labelled OLUMOAN INUREG.
  1321 | D:2      | 1321 ||| READING scroll labelled QINUTSELEN.
  1322 | D:2      | 1322 ||| READING scroll labelled UTSAPU VOTUMM.
  1323 | D:2      | 1323 ||| DRINKING 4 silvery potions.
  1404 | D:3      | 1404 ||| Stepping ~*~*~tactically~*~*~ (outnumbered).
  1414 | D:3      | HP: 5/20 [orc/+0 whip (1)]
  1416 | D:3      | Reached XP level 4. HP: 3/25 MP: 6/6
  1619 | D:3      | Reached skill level 8 in Ranged Weapons
  1622 | D:3      | Found Xahareev's Assorted Antiques.
  1629 | D:3      | 1629 ||| BUYING pair of boots (72 gold).
  1629 | D:3      | Bought a pair of boots for 72 gold pieces
  1629 | D:3      | 1629 ||| SHOPLISTING scroll labelled PEPHOSM LUAWO (16
                  | gold, have 0).
  2089 | D:3      | 2089 ||| UPGRADING to +0 pair of boots.
  2094 | D:3      | 2094 ||| READING 2 scrolls labelled PYPREKH FETAKIOMIQ.
  2095 | D:3      | 2095 ||| READING scroll labelled KECLUN WOMAFE.
  2099 | D:3      | 2099 ||| READING scroll labelled WOUVVAGHUCS.
  2100 | D:3      | 2100 ||| READING scroll labelled POTHEC YLONG.
  2101 | D:3      | 2101 ||| READING scroll labelled KOZOTYMAFAL.
  2102 | D:3      | 2102 ||| READING 2 scrolls labelled MARGHA KAOPPEIM.
  2103 | D:3      | 2103 ||| READING scroll of brand weapon.
  2103 | D:3      | 2103 ||| BRANDING +0 shortbow of freezing.
  2104 | D:3      | 2104 ||| DROPPING scroll of revelation.
  2161 | D:4      | Reached XP level 5. HP: 29/29 MP: 7/7
  2358 | D:4      | 2358 ||| READING scroll of enchant armour.
  2358 | D:4      | 2358 ||| ENCHANTING +0 pair of boots.
  2449 | D:4      | Reached skill level 9 in Ranged Weapons
  2552 | D:4      | Noticed a phantom
  2558 | D:4      | Killed a phantom
  2559 | D:4      | Reached XP level 6. HP: 35/35 MP: 8/8
  2744 | D:4      | 2744 ||| READING scroll labelled BILORADO FIXKA.
  2745 | D:4      | 2745 ||| READING scroll labelled CEJAADO VUILA.
  2746 | D:4      | 2746 ||| DRINKING 2 yellow potions.
  2782 | D:5      | Entered Level 5 of the Dungeon
  2784 | D:5      | Reached skill level 10 in Ranged Weapons
  2788 | D:5      | Reached skill level 3 in Dodging
  2794 | D:5      | 2794 ||| READING scroll of enchant weapon.
  2794 | D:5      | 2794 ||| ENCHANTING +1 shortbow of draining.
  2802 | D:5      | Found a staircase to the Ecumenical Temple.
  2803 | D:5      | 2803 ||| PLANNING TEMPLE
  2803 | D:5      | 2803 ||| READING scroll labelled PEPHOSM LUAWO.
  2812 | Temple   | Entered the Ecumenical Temple
  2825 | Temple   | 2825 ||| PLANNING D:1-11
  2928 | D:5      | Found a runed translucent door.
  2942 | D:5      | Reached skill level 1 in Armour
  2981 | D:5      | Reached XP level 7. HP: 40/40 MP: 9/9
  3001 | D:5      | Noticed qw's ghost (amateur DEHu)
  3070 | D:5      | 3070 ||| FLEEEEING.
  3071 | D:5      | 3071 ||| FLEEEEING.
  3081 | D:5      | 3081 ||| FLEEEEING.
  3086 | D:5      | 3086 ||| FLEEEEING.
  3087 | D:5      | 3087 ||| FLEEEEING.
  3091 | D:5      | 3091 ||| FLEEEEING.
  3092 | D:5      | 3092 ||| FLEEEEING.
  3093 | D:5      | 3093 ||| FLEEEEING.
  3094 | D:5      | 3094 ||| FLEEEEING.
  3095 | D:5      | 3095 ||| FLEEEEING.
  3096 | D:5      | 3096 ||| FLEEEEING.
  3098 | D:5      | 3098 ||| FLEEEEING.
  3099 | D:5      | 3099 ||| FLEEEEING.
  3100 | D:5      | 3100 ||| FLEEEEING.
  3101 | D:5      | 3101 ||| FLEEEEING.
  3102 | D:5      | 3102 ||| FLEEEEING.
  3103 | D:5      | 3103 ||| FLEEEEING.
  3110 | D:5      | 3110 ||| FLEEEEING.
  3111 | D:5      | 3111 ||| FLEEEEING.
  3112 | D:5      | 3112 ||| FLEEEEING.
  3113 | D:5      | 3113 ||| FLEEEEING.
  3114 | D:5      | 3114 ||| FLEEEEING.
  3115 | D:5      | 3115 ||| FLEEEEING.
  3116 | D:5      | 3116 ||| FLEEEEING.
  3117 | D:5      | 3117 ||| FLEEEEING.
  3118 | D:5      | 3118 ||| FLEEEEING.
  3119 | D:5      | 3119 ||| FLEEEEING.
  3120 | D:5      | 3120 ||| FLEEEEING.
  3121 | D:5      | 3121 ||| FLEEEEING.
  3122 | D:5      | 3122 ||| FLEEEEING.
  3123 | D:5      | 3123 ||| FLEEEEING.
  3128 | D:5      | 3128 ||| FLEEEEING.
  3129 | D:5      | 3129 ||| STAIRDANCE
  3214 | D:5      | Reached skill level 11 in Ranged Weapons
  3215 | D:5      | 3215 ||| Stepping ~*~*~tactically~*~*~ (outnumbered).
  3511 | D:5      | Found a runed translucent door.
  3513 | D:5      | Found a runed translucent door.
  4130 | D:5      | 4130 ||| Stepping randomly (stuck).
  4185 | D:6      | Found Egofukusch's Jewellery Shoppe.
  4197 | D:6      | 4197 ||| SHOPLISTING +4 ring of protection (432 gold, have
                  | 134).
  4197 | D:6      | 4197 ||| SHOPLISTING +4 ring of slaying (936 gold, have
                  | 134).
  4197 | D:6      | 4197 ||| SHOPLISTING +5 ring of evasion (432 gold, have
                  | 134).
  4197 | D:6      | 4197 ||| SHOPLISTING amulet of reflection (360 gold, have
                  | 134).
  4248 | D:6      | 4248 ||| FLEEEEING.
  4249 | D:6      | 4249 ||| FLEEEEING.
  4250 | D:6      | 4250 ||| FLEEEEING.
  4435 | D:6      | 4435 ||| FLEEEEING.
  4436 | D:6      | 4436 ||| FLEEEEING.
  4437 | D:6      | 4437 ||| FLEEEEING.
  4438 | D:6      | 4438 ||| FLEEEEING.
  4439 | D:6      | 4439 ||| FLEEEEING.
  4440 | D:6      | 4440 ||| FLEEEEING.
  4441 | D:6      | 4441 ||| FLEEEEING.
  4442 | D:6      | 4442 ||| FLEEEEING.
  4513 | D:6      | Found an iron altar of Okawaru.
  4514 | D:6      | 4514 ||| PLANNING OKAWARU WORSHIP
  4514 | D:6      | 4514 ||| UPGRADING to +2 cloak.
  4519 | D:6      | 4519 ||| UPGRADING to +0 helmet.
  4531 | D:6      | Became a worshipper of Warmaster Okawaru
  4532 | D:6      | 4532 ||| PLANNING D:1-11
  4561 | D:6      | Found a sparkling altar of Nemelex Xobeh.
  4561 | D:6      | Found an ancient bone altar of Kikubaaqudgha.
  4562 | D:6      | Found a bloodstained altar of Trog.
  4562 | D:6      | Found a shimmering altar of Xom.
  4563 | D:6      | Found a radiant altar of Vehumet.
  4563 | D:6      | Found an opulent altar of Gozag.
  4571 | D:6      | Reached skill level 12 in Ranged Weapons
  4997 | D:6      | 4997 ||| UPGRADING to +1 helmet.
  5007 | D:6      | 5007 ||| DROPPING +0 helmet.
  5008 | D:6      | 5008 ||| UPGRADING to amulet of faith.
  5065 | D:7      | Reached skill level 3 in Fighting
  5065 | D:7      | Reached XP level 8. HP: 43/46 MP: 10/10
  5214 | D:7      | Reached * piety under Okawaru
  5215 | D:7      | 5215 ||| INVOKING Heroism.
  5216 | D:7      | 5216 ||| DRINKING 3 potions of curing.
  5216 | D:7      | 5216 ||| (to cure confusion)
  5254 | D:7      | 5254 ||| FLEEEEING.
  5320 | D:7      | Reached skill level 1 in Invocations
  5320 | D:7      | 5320 ||| FLEEEEING.
  5321 | D:7      | 5321 ||| FLEEEEING.
  5323 | D:7      | 5323 ||| FLEEEEING.
  5324 | D:7      | 5324 ||| FLEEEEING.
  5325 | D:7      | 5325 ||| FLEEEEING.
  5326 | D:7      | 5326 ||| FLEEEEING.
  5327 | D:7      | 5327 ||| FLEEEEING.
  5330 | D:7      | 5330 ||| INVOKING Heroism.
  5414 | D:7      | Reached skill level 13 in Ranged Weapons
  5484 | D:7      | 5484 ||| FLEEEEING.
  5513 | D:7      | Reached skill level 3 in Invocations
  5699 | D:7      | 5699 ||| INVOKING Heroism.
  5702 | D:7      | Reached ** piety under Okawaru
  5703 | D:7      | Reached XP level 9. HP: 24/50 MP: 11/14
  5719 | D:7      | Reached skill level 14 in Ranged Weapons
  6013 | D:7      | Found an ornate altar of the Wu Jian Council.
  6197 | D:7      | 6197 ||| READING scroll labelled FOKHLE FEOSE.
  6198 | D:7      | 6198 ||| READING 7 scrolls of identify.
  6198 | D:7      | 6198 ||| IDENTIFYING murky clear potion
  6199 | D:7      | 6199 ||| DROPPING potion of lignification.
  6201 | D:7      | 6201 ||| Stepping ~*~*~tactically~*~*~ (cloud).
  6266 | D:8      | 6266 ||| INVOKING Heroism.
  6310 | D:8      | Found a stormy altar of Qazlal.
  6376 | D:8      | 6376 ||| INVOKING Heroism.
  6440 | D:8      | Reached skill level 6 in Dodging
  6649 | D:8      | 6649 ||| Stepping ~*~*~tactically~*~*~ (outnumbered).
  6652 | D:8      | 6652 ||| Stepping ~*~*~tactically~*~*~ (outnumbered).
  6654 | D:8      | 6654 ||| Stepping ~*~*~tactically~*~*~ (outnumbered).
  6655 | D:8      | 6655 ||| Stepping ~*~*~tactically~*~*~ (outnumbered).
  6657 | D:8      | 6657 ||| Stepping ~*~*~tactically~*~*~ (outnumbered).
  6716 | D:8      | 6716 ||| READING scroll of enchant armour.
  6716 | D:8      | 6716 ||| ENCHANTING +1 helmet.
  6839 | D:8      | Reached *** piety under Okawaru
  7044 | D:8      | Identified the +2 quarterstaff of the Winnowing Oracle
                  | {flame, rC+ Stlth+}
  7370 | D:9      | Found a staircase to the Orcish Mines.
  7424 | D:9      | Noticed Grum
  7425 | D:9      | 7425 ||| INVOKING Heroism.
  7435 | D:9      | Killed Grum
  7625 | D:9      | Noticed Prince Ribbit
  7626 | D:9      | 7626 ||| INVOKING Heroism.
  7635 | D:9      | Killed Prince Ribbit
  7636 | D:9      | Reached skill level 3 in Armour
  7636 | D:9      | Reached XP level 10. HP: 59/59 MP: 13/15
  7679 | D:9      | 7679 ||| INVOKING Heroism.
  7734 | D:9      | 7734 ||| INVOKING Heroism.
  7743 | D:9      | HP: 3/59 [yak (13)]
  7744 | D:9      | 7744 ||| READING 3 scrolls of teleportation.
  7744 | D:9      | Mangled by a yak

Levels and vault maps discovered:
D:1:      saegor_arrival_simple_b, layout_loops_ring,
          shapermc_ecumenical_altar_mp_urbaneastern,
          minmay_misc_feat_nine_boxes, minmay_misc_feat_hallway
D:2:      layout_basic, basic_altar
D:3:      minmay_spotlight, layout_loops_ring, serial_shops, shop
D:4:      layout_basic
D:5:      lemuel_insect_pit, layout_basic, minmay_temple_entry_gardened_gates,
          ebering_ghost_sewer_d, hangedman_abyss_or_decor_passed,
          hangedman_abyss_or_decor_stagger
D:6:      layout_cave_pods, okawaru_ov_weapons_minmay,
          grunt_temple_overflow_open, minmay_shop_enchanted_jewellery,
          nicolae_figureground_pulse
D:7:      nicolae_cairo_tiling_very_big, layout_loops_ring,
          nzn_wu_jian_council_hall, serial_glass, glass_columns_a,
          glass_columns_a, kennysheep_potato
D:8:      layout_basic, nicolae_qazlal_scattered_showers
D:9:      layout_basic, orc_0_dummy, uniq_prince_ribbit1, uniq_grum
Temple:   hellmonk_temple_two_chambers

Skill      XL: |  1  2  3  4  5  6  7  8  9 |
---------------+----------------------------+-----
Ranged Weapons | 6 7 8 9 10 12 13 14 | 14.2
Fighting       | 2 3 5 |  5.1
Dodging        | 3 4 7 |  7.8
Armour         | 1 3 |  3.4
Invocations    | 4 |  4.0
Stealth        | |  1.2

Action                     |  1- 3 |  4- 6 |  7- 9 | 10-12 || total
---------------------------+-------+-------+-------+-------++-------
   Fire: Shortbow          |    76 |    91 |   333 |    27 ||   527
 Invoke: Heroism           |       |       |     7 |     2 ||     9
    Use: Scroll            |     4 |    12 |     3 |     1 ||    20
         Potion            |     1 |     1 |     1 |       ||     3
 Armour: Leather armour    |     6 |       |       |       ||     6
         Ring mail         |     9 |     2 |    54 |    10 ||    75
  Dodge: Dodged            |    20 |     8 |    91 |    22 ||   141

Table legend:
 A = Non-vault XP
 B = Vault XP
 C = Vault XP percentage of total XP
 D = Non-vault monster count
 E = Vault monster count
 F = Vault count percentage of total count
                 A         B        C        D         E       F
            +---------+---------+-------+---------+---------+-------
      Total |    5034 |     964 |  16.1 |     165 |       9 |   5.2
            +---------+---------+-------+---------+---------+-------
        D:1 |      16 |       0 |   0.0 |      11 |       0 |   0.0
        D:2 |      57 |       0 |   0.0 |      20 |       0 |   0.0
        D:3 |      78 |      18 |  18.8 |      12 |       3 |  20.0
        D:4 |     320 |       0 |   0.0 |      20 |       0 |   0.0
        D:5 |     586 |       0 |   0.0 |      24 |       0 |   0.0
        D:6 |     268 |       0 |   0.0 |      11 |       0 |   0.0
        D:7 |    2315 |     142 |   5.8 |      30 |       1 |   3.2
        D:8 |     861 |       0 |   0.0 |      31 |       0 |   0.0
        D:9 |     533 |     804 |  60.1 |       6 |       5 |  45.5
            +---------+---------+-------+---------+---------+-------
